 Dungeon Crawl Stone Soup version 0.20.0-15-g7f486f2 (webtiles) character file.

47 NoAnimeNoLife the Chopper (level 3, 0/31 HPs)
             Began as a Hill Orc Fighter on June 12, 2017.
             Was an Initiate of Beogh.
             Slain by a bullfrog (6 damage)
             ... on level 3 of the Dungeon.
             The game lasted 00:03:28 (2106 turns).

NoAnimeNoLife the Chopper (Hill Orc Fighter)        Turns: 2106, Time: 00:03:30

Health: 0/31       AC:  6    Str: 18    XL:     3   Next: 70%
Magic:  3/3        EV:  7    Int:  8    God:    Beogh [......]
Gold:   117        SH:  9    Dex: 11    Spells: 2/2 levels left

rFire    . . .     SeeInvis +   a - +0 war axe
rCold    . . .     Gourm    .   c - +0 shield
rNeg     . . .     Faith    .   b - +0 scale mail
rPois    .         Spirit   .   (no helmet)
rElec    .         Reflect  .   (no cloak)
rCorr    .         Harm     .   (no gloves)
MR       .....                  (no boots)
Stlth    ..........             (no amulet)
Regen    0.1/turn               i - ring of flight
MPRegen  0.1/turn               h - ring of see invisible (curse)

@: no status effects
A: no striking features
a: Renounce Religion, Evoke Flight


You were on level 3 of the Dungeon.
You worshipped Beogh.
Beogh was noncommittal.
You were not hungry.

You visited 1 branch of the dungeon, and saw 3 of its levels.

You collected 117 gold pieces.

Inventory:

Hand Weapons
 a - a +0 war axe (weapon)
 j - a +1 spear of venom
Missiles
 w - 3 stones (quivered)
Armour
 b - a +0 scale mail (worn)
 c - a +0 shield (worn)
 g - a +0 scale mail
Jewellery
 h - a cursed ring of see invisible (right hand)
 i - a ring of flight (left hand)
 l - an uncursed amulet of inaccuracy
 s - an uncursed ring of fire
Wands
 q - a wand of digging (2/24)
Scrolls
 e - a scroll of immolation
 m - a scroll of teleportation {unknown}
 n - a scroll of recharging {unknown}
 r - 2 scrolls of remove curse
 u - a scroll of fear {unknown}
Potions
 d - a potion of might
 k - a potion of berserk rage {unknown}
 p - a potion of lignification {unknown}
Comestibles
 f - 4 bread rations
 o - a royal jelly
 t - 3 fruits
 v - a chunk of flesh


   Skills:
 - Level 3.6 Fighting
 + Level 5.2 Axes
 - Level 3.2 Armour
 - Level 3.2 Shields


You had 2 spell levels left.
You didn't know any spells.

Dungeon Overview and Level Annotations

Branches:
Dungeon (3/15)

Altars:
Gozag
Makhleb
Okawaru
Zin

Annotations:
D:3 1 transporter


Message History

The ooze hits you. You block the bullfrog's attack.
You slash the bullfrog!
The bullfrog is heavily wounded.
Your shield and scale mail prevent you from hitting the ooze.
The bullfrog hits you.
* * * LOW HITPOINT WARNING * * *
The ooze hits you but does no damage.
The bullfrog hits you but does no damage.
The ooze hits you but does no damage.
You hit the bullfrog but do no damage.
The bullfrog is heavily wounded.
You hit the ooze but do no damage. You block the bullfrog's attack.
You block the ooze's attack. You block the bullfrog's attack.
You hit the bullfrog.
The bullfrog is severely wounded.
You slash the ooze!
You kill the ooze!
Beogh accepts your kill. The bullfrog hits you.
You die...

#.##.##.##.##
#÷##.##.##.##
#....##.##.##
###########.#####.##.##
##.................##...
#..#########..###.######
#.##$.(.o..##.###.#
#.#8.#.F.#.8#..##.# .
##.#$(.#@#...#..##.# ...
#..#_........#.....# ...
#...#.$.....).#©....# ..
#...#_$.......#..##.# .#
#.#.#...#.#...#...#.###.##
#.#.#8.#...#.8#.#.#......#
# #.##.[.©...##...........
#..#########......#.....
##...........#....#..)..


You could see a bullfrog and a neutral orc priest (wandering).

Vanquished Creatures
  An adder (D:3)
  An ooze (D:3)
  2 dart slugs (D:1)
  A leopard gecko (D:1)
  A ball python (D:2)
  A bat (D:1)
  3 giant cockroaches
  4 goblins
  3 hobgoblins
  2 frilled lizards (D:2)
  6 kobolds
  2 rats
27 creatures vanquished.

Vanquished Creatures (others)
  A bat (D:3)
  A hobgoblin (D:3)
2 creatures vanquished.

Grand Total: 29 creatures vanquished

Notes
Turn   | Place    | Note
-------+----------+-------------------------------------------
     0 | D:1      | NoAnimeNoLife the Hill Orc Fighter began the quest for the Orb.
     0 | D:1      | Reached XP level 1. HP: 19/19 MP: 1/1
    63 | D:1      | Reached skill level 3 in Axes
   296 | D:1      | Reached XP level 2. HP: 26/26 MP: 2/2
   422 | D:1      | Reached skill level 4 in Axes
   987 | D:2      | Reached XP level 3. HP: 31/31 MP: 3/3
  1231 | D:2      | Found a glowing silver altar of Zin.
  1232 | D:2      | Found an opulent altar of Gozag.
  1830 | D:3      | Found a faded altar of an unknown god.
  1903 | D:3      | Reached skill level 5 in Axes
  1910 | D:3      | Found a transporter.
  2061 | D:3      | Noticed a bullfrog
  2065 | D:3      | Found a transporter.
  2091 | D:3      | Found a burning altar of Makhleb.
  2091 | D:3      | Found an iron altar of Okawaru.
  2092 | D:3      | Became a worshipper of Beogh the Brigand
  2106 | D:3      | Slain by a bullfrog

Skill      XL: |  1  2  3 |
---------------+----------+-----
Axes           | 3 4 5 |  5.2
Fighting       | |  3.6
Armour         | |  3.2
Shields        | |  3.2

Action                   || total
-------------------------++-------
Melee: War axe           ||   115
Invok: Convert to Beogh  ||     1
  Use: Scroll            ||     3
  Eat: Chunk             ||     4
Armor: Scale mail        ||    46
Dodge: Dodged            ||    51
Block: Shield            ||    66
